 Dungeon Crawl Stone Soup version 0.27-a0-906-g0a00ce863d (webtiles) character file.

Game seed: 17225668001983582228

149 Schnaeble the Spear-Bearer (level 5, -4/38 HPs)
             Began as a Merfolk Gladiator on Apr 7, 2021.
             Killed by nerve-wracking pain
             ... invoked by an orc priest
              (13 damage)
             ... on level 3 of the Dungeon.
             The game lasted 00:01:47 (1721 turns).

Schnaeble the Spear-Bearer (Merfolk Gladiator)      Turns: 1721, Time: 00:01:48

Health: -4/38      AC:  9    Str: 16    XL:     5   Next: 31%
Magic:  5/5        EV:  8    Int:  7    God:
Gold:   36         SH:  0    Dex: 21    Spells: 4/4 levels left

rFire    . . .     SeeInvis .   a - +0 trident
rCold    . . .     Faith    .   (no shield)
rNeg     . . .     Spirit   .   f - +0 chain mail
rPois    .         Reflect  .   c - +0 helmet
rElec    .         Harm     .   (no cloak)
rCorr    .         Rampage  .   (no gloves)
Will     .....                  (no boots)
Stlth    ..........             (no amulet)
HPRegen  0.12/turn              h - +6 ring of dexterity
MPRegen  0.09/turn              (no ring)

@: no status effects
A: (nimble swimmer 2), mertail
a: no special abilities


You were on level 3 of the Dungeon.
You visited 1 branch of the dungeon, and saw 3 of its levels.

You collected 36 gold pieces.

Inventory:

Hand Weapons
 a - a +0 trident (weapon)
Missiles
 d - 3 throwing nets (quivered)
Armour
 b - a +0 leather armour
 c - a +0 helmet (worn)
 f - a +0 chain mail (worn)
Jewellery
 h - a +6 ring of dexterity (left hand)
 l - a ring of magical power
Scrolls
 e - 3 scrolls of identify {unknown}
 i - 2 scrolls of fog {unknown}
 j - a scroll of vulnerability {unknown}
 k - a scroll of enchant weapon {unknown}
 n - a scroll of immolation {unknown}
Potions
 g - a potion of lignification {unknown}
 m - a potion of berserk rage {unknown}
 o - a potion of might {unknown}


   Skills:
 - Level 2.1 Fighting
 + Level 8.5 Polearms
 - Level 2.0 Throwing
 - Level 4.0 Dodging


You had 4 spell levels left.
You didn't know any spells.
Your spell library was empty.

Dungeon Overview and Level Annotations

Branches:
Dungeon (3/15)

Altars:


Innate Abilities, Weirdness & Mutations

((You are quick and stealthy near water. (Stealth+, EV+, Speed+++)))
Your lower body shifts to a powerful aquatic tail in water.


Message History

The orc is heavily wounded.
The orc barely misses you.
You hit the orc.
You kill the orc!
You puncture the orc!
You kill the orc!
Items here: )))) †††.
Key pressed, stopping explore.
o - a sapphire potion
Found a stone staircase leading down.
There is a stone staircase leading down here.
An orc priest comes into view. It is wielding a +0 short sword.
An orc comes into view. It is wielding a +0 flail.
The orc shouts!
The orc priest shouts!
An orc comes into view. It is wielding a +0 morningstar.
The orc priest looks braver for a moment.
The orc priest miscasts a cantrip.
Items here: )))) †††.
Items here: )))) †††.
The orc priest invokes the aid of Beogh against you.
Beogh smites you!
You hit the orc priest but do no damage.
The orc priest mumbles some strange prayers to Beogh against you.
Beogh smites you!
You closely miss the orc priest. You puncture the orc priest!
The orc priest is heavily wounded.
The orc priest hits you but does no damage.
You barely miss the orc priest.
The orc priest is heavily wounded.
The orc priest hits you with a +0 short sword.
* * * LOW HITPOINT WARNING * * *
You hit the orc priest.
The orc priest is almost dead.
The orc priest barely misses you.
You barely miss the orc priest.
The orc priest is almost dead.
The orc priest calls down the wrath of Beogh upon you.
Pain shoots through your body!
You die... #..###..........# #.PPPPP# ........##......# (P$$$P# ........#.......# P$$$P# ...#...o......).# $$$P# ......oo#.#.....# PPP

##........[..####
#.# ###.##.######
#<# ... #o#######
#.# ####
#oo@)...##### #.#
#######.....# #.#
#.###.#####.#
#....†......#
#.###.#######
#.###.# #..(..#
#######


You could see an orc priest and 2 orcs.

Vanquished Creatures
  A water moccasin skeleton (D:2)
  A scorpion zombie (D:2)
  3 adders
  3 dart slugs (D:2)
  4 orcs (D:3)
  2 ball pythons (D:1)
  2 bats (D:1)
  5 endoplasms
  2 giant cockroaches
  2 hobgoblins
  7 kobolds
  2 quokkas (D:1)
  A frilled lizard (D:1)
  3 rats
38 creatures vanquished.

Vanquished Creatures (others)
  3 fungi (D:3)
  9 toadstools
12 creatures vanquished.

Grand Total: 50 creatures vanquished

Notes
Turn   | Place    | Note
-------+----------+-------------------------------------------
     0 | D:1      | Schnaeble the Merfolk Gladiator began the quest for the
                  | Orb.
     0 | D:1      | Reached XP level 1. HP: 16/16 MP: 1/1
    59 | D:1      | Reached skill level 5 in Polearms
    67 | D:1      | Reached XP level 2. HP: 22/22 MP: 2/2
   595 | D:2      | Reached skill level 6 in Polearms
   595 | D:2      | Reached XP level 3. HP: 22/27 MP: 3/3
   802 | D:2      | Reached skill level 7 in Polearms
   802 | D:2      | Reached XP level 4. HP: 10/33 MP: 4/4
  1177 | D:2      | Reached skill level 8 in Polearms
  1177 | D:2      | Reached XP level 5. HP: 38/38 MP: 5/5
  1721 | D:3      | Killed from afar by an orc priest

Illustrated notes

Levels and vault maps discovered:
D:1:      ldierk_walled_garden_2, layout_rooms
D:2:      layout_rooms, grunt_decor_resistance
D:3:      layout_loops_cross, gammafunk_temple_overflow_statue,
          ebering_ecumenical_altar_mist, minmay_gold_behind_fungi, uniq_terence

Skill      XL: |  1  2  3  4 |
---------------+-------------+-----
Polearms       | 5 6 7 8 |  8.5
Fighting       | |  2.1
Throwing       | |  2.0
Dodging        | |  4.0

Action                   |  1- 3 |  4- 6 || total
-------------------------+-------+-------++-------
Melee: Trident           |    99 |    40 ||   139
Armor: Chain mail        |    37 |     7 ||    44
Dodge: Dodged            |    36 |    10 ||    46

Table legend: (Time is in decaauts)
 A = Elapsed time spent in this place.
 B = Non-inter-level travel time spent in this place.
 C = Inter-level travel time spent in this place.
 D = Time resting spent in this place.
 E = Time spent auto-exploring this place.
 F = Levels seen in this place.
 G = Mean time per level.
                   A        B        C        D        E       F      G
               +--------+--------+--------+--------+--------+-----+--------+
         Total |   1713 |   1640 |     73 |      0 |   1373 |   3 |  571.0 |
       Dungeon |   1713 |   1640 |     73 |      0 |   1373 |   3 |  571.0 |
               +--------+--------+--------+--------+--------+-----+--------+

Top non-repeatable levels by time:
     D:2: 914 daAuts
     D:1: 569 daAuts
     D:3: 229 daAuts
